 Dungeon Crawl Stone Soup version 0.29.1-15-g9cfb28693d (webtiles) character file.

Game seed: 6538663250937640696

51 javelincjr the Magician (level 3, -3/25 HPs)
             Began as a Demonspawn Hedge Wizard on May 1, 2023.
             Slain by a hobgoblin (4 damage)
             ... on level 1 of the Dungeon.
             The game lasted 00:05:20 (2148 turns).

javelincjr the Magician (Demonspawn Hedge Wizard)   Turns: 2148, Time: 00:05:20

Health: -3/25      AC:  2    Str: 10    XL:     3   Next: 57%
Magic:  3/7        EV: 12    Int: 17    God:
Gold:   14         SH:  0    Dex: 12    Spells: 3/8 levels left

rFire   . . .      SeeInvis .   a - +0 dagger
rCold   . . .      Faith    .   (no shield)
rNeg    . . .      Spirit   .   b - +0 robe
rPois   .          Reflect  .   c - +0 hat
rElec   .          Harm     .   i - scarf {+Inv}
rCorr   .          Rampage  .   (no gloves)
Will    .....                   (no boots)
Stlth   ++........              (no amulet)
HPRegen 0.08/turn               (no ring)
MPRegen 0.20/turn               (no ring)

@: no status effects
A: ignite blood 1, magic regeneration
a: Evoke Invisibility


You were on level 1 of the Dungeon.
You visited 1 branch of the dungeon, and saw 2 of its levels.

You collected 14 gold pieces.

Inventory:

Hand Weapons
 a - a +0 dagger (weapon)
Armour
 b - a +0 robe (worn)
 c - a +0 hat (worn)
 i - a scarf of invisibility (worn)
Scrolls
 e - a scroll of silence {unknown}
 h - a scroll of summoning {unknown}
Potions
 d - a potion of magic
 f - a potion of brilliance {unknown}
 g - a potion of lignification {unknown}
 j - a potion of heal wounds {unknown}


   Skills:
 * Level 0.8 Fighting
 + Level 2.2 Dodging
 + Level 2.1 Stealth
 + Level 3.2 Spellcasting
 + Level 1.3 Conjurations
 + Level 1.4 Summonings
 + Level 1.3 Translocations
 + Level 0.2 Evocations


You had 3 spell levels left.
You knew the following spells:

 Your Spells              Type           Power      Damage    Failure   Level
a - Magic Dart            Conj           28%        1d4       10%         1
b - Blink                 Tloc           14%        N/A       16%         2
c - Call Imp              Summ           7%         N/A       14%         2

Your spell library contained the following spells:

 Spells                   Type           Power      Damage    Failure   Level
 Slow                     Hex            8%         N/A       17%         1
 Conjure Flame            Conj/Fire      5%         6-21      36%         3
 Stone Arrow              Conj/Erth      10%        3d7       36%         3
 Mephitic Cloud           Conj/Pois/Air  4%         N/A       38%         3
 Animate Armour           Summ/Erth      10%        N/A       77%         4
 Lehudib's Crystal Spear  Conj/Erth      2%         10d2      100%        8


Dungeon Overview and Level Annotations

Branches:
Dungeon (2/15)

Altars:

Shops:
D:2 :

Annotations:
D:2 Sigmund


Innate Abilities, Weirdness & Mutations

Your demonic aura sometimes causes spilled blood to erupt in flames.
You regenerate magic rapidly.


Message History

The magic dart hits the hobgoblin but does no damage.
The hobgoblin is moderately wounded.
The hobgoblin hits you.
* * * LOW HITPOINT WARNING * * *
Casting: Magic Dart (safe; 10% risk of failure)
Confirm with . or Enter, or press ? or * to list all spells.
Aiming: Magic Dart (safe; 10% risk of failure)
Press: ? - help, Shift-Dir - straight line, f/p - hobgoblin
Aim: a hobgoblin, wearing a +0 scale mail and quivering stones (moderately wounded, 100% to hit)
The magic dart hits the hobgoblin but does no damage.
The hobgoblin is moderately wounded.
The hobgoblin barely misses you.
Casting: Magic Dart (safe; 10% risk of failure)
Confirm with . or Enter, or press ? or * to list all spells.
Aiming: Magic Dart (safe; 10% risk of failure)
Press: ? - help, Shift-Dir - straight line, f/p - hobgoblin
Aim: a hobgoblin, wearing a +0 scale mail and quivering stones (moderately wounded, 100% to hit)
The magic dart hits the hobgoblin.
The hobgoblin is severely wounded.
The hobgoblin barely misses you.
Casting: Magic Dart (safe; 10% risk of failure)
Confirm with . or Enter, or press ? or * to list all spells.
Aiming: Magic Dart (safe; 10% risk of failure)
Press: ? - help, Shift-Dir - straight line, f/p - hobgoblin
Aim: a hobgoblin, wearing a +0 scale mail and quivering stones (severely wounded, 100% to hit)
The magic dart hits the hobgoblin but does no damage.
The hobgoblin is severely wounded.
The hobgoblin hits you.
* * * LOW HITPOINT WARNING * * *
The hobgoblin attacks as you move away! The hobgoblin hits you.
* * * LOW HITPOINT WARNING * * *
Casting: Magic Dart (safe; 10% risk of failure)
Confirm with . or Enter, or press ? or * to list all spells.
Aiming: Magic Dart (safe; 10% risk of failure)
Press: ? - help, Shift-Dir - straight line, f/p - hobgoblin
Aim: a hobgoblin, wearing a +0 scale mail and quivering stones (severely wounded, 100% to hit)
The magic dart hits the hobgoblin but does no damage.
The hobgoblin is severely wounded.
The hobgoblin hits you.
You die...

...# #.##..## #### #......###
#### .# ###..#...# #..## .#
#....###.# #...# .### #.##.# #.#
#...## ...# #.##.# #)# #...##
.#.## #....# #.# #...#8
.#..###########(###### ###.....
.#..............@....## #.....#8
.#.#.##.........○g....####.#...##
.#.#..##.#........###..........##
.#.##..#.##.......# #.#####....#
.#.....)..##......# #)#####...##
...#.####....####.# #.....#.#####
.#.#.# ####......# #.....#......
.#.#.# #.###### #.....###.###
.#.#.# #.# #####.....###.#


You could see a hobgoblin.

Vanquished Creatures
  3 ball pythons (D:1)
  3 bats (D:1)
  3 endoplasms (D:1)
  A giant cockroach (D:1)
  6 goblins
  8 hobgoblins
  4 jackals (D:2)
  A quokka (D:2)
  3 frilled lizards (D:1)
  3 kobolds
  3 rats
38 creatures vanquished.

Vanquished Creatures (collateral kills)
  A worm (D:2)
1 creature vanquished.

Grand Total: 39 creatures vanquished

Notes
Turn   | Place    | Note
-------+----------+-------------------------------------------
     0 | D:1      | javelincjr the Demonspawn Hedge Wizard began the quest for
                  | the Orb.
     0 | D:1      | Reached XP level 1. HP: 13/13 MP: 4/4
    73 | D:1      | Reached skill level 1 in Translocations
   301 | D:1      | Gained mutation: Your demonic aura sometimes causes spilled
                  | blood to erupt in flames. [demonic ancestry]
   301 | D:1      | Reached XP level 2. HP: 19/19 MP: 3/6
   587 | D:1      | Learned a level 2 spell: Blink
   590 | D:1      | Learned a level 2 spell: Call Imp
  1219 | D:1      | Gained mutation: You regenerate magic rapidly. [demonic
                  | ancestry]
  1219 | D:1      | Reached XP level 3. HP: 25/25 MP: 3/7
  1519 | D:2      | Noticed Sigmund
  2125 | D:2      | Found Teoxas's Book Boutique.
  2147 | D:1      | HP: 1/25 [hobgoblin (2)]
  2148 | D:1      | Slain by a hobgoblin

Illustrated notes

Levels and vault maps discovered:
D:1:      erik_arrival_orb_chamber, layout_basic, minmay_pentomino_w2
D:2:      layout_rooms, serial_shops, shop_statue, uniq_sigmund, uniq_robin

Skill      XL: |  1  2 |
---------------+-------+-----
Translocations | 1 |  1.3
Dodging        | 2 |  2.2
Stealth        | 2 |  2.1
Fighting       | |  0.8
Spellcasting   | |  3.2
Conjurations   | |  1.3
Summonings     | |  1.4
Evocations     | |  0.2

Action                   || total
-------------------------++-------
Melee: Dagger            ||    46
 Cast: Magic Dart        ||   112
       Call Imp          ||     3
Armor: Robe              ||    10
Dodge: Dodged            ||    40
